 Dungeon Crawl Stone Soup version 0.20.0-14-g326068f (webtiles) character file.

1373 mopl the Covert (level 8, -7/43 HPs)
             Began as a Gargoyle Assassin on June 8, 2017.
             Was an Initiate of Hepliaklqana.
             Mangled by an orc warrior
             ... wielding a +0 dire flail
              (21 damage)
             ... on level 7 of the Dungeon.
             The game lasted 00:11:41 (7144 turns).

mopl the Covert (Gargoyle Assassin)                 Turns: 7144, Time: 00:11:42

Health: -7/43      AC:  9    Str: 15    XL:     8   Next: 66%
Magic:  8/8        EV: 16    Int:  8    God:    Hepliaklqana [......]
Gold:   382        SH:  0    Dex: 13    Spells: 7/7 levels left

rFire    . . .     SeeInvis .   a - +0 rapier
rCold    . . .     Gourm    .   (no shield)
rNeg     + . .     Faith    .   c - +0 robe
rPois    ∞         Spirit   .   (no helmet)
rElec    +         Reflect  .   d - +0 cloak
rCorr    .         Harm     .   O - +0 pair of gloves
MR       .....                  (no boots)
Stlth    ++++......             (no amulet)
Regen    0.2/turn               X - -4 ring of intelligence (curse)
MPRegen  0.2/turn               M - +5 ring of evasion

@: no status effects
A: reduced essence, negative energy resistance 1, electricity resistance,
unbreathing, petrification resistance, rot immunity, AC +5
a: Recall Ancestor, Ancestor Identity, Renounce Religion


You were on level 7 of the Dungeon.
You worshipped Hepliaklqana.
Hepliaklqana was noncommittal.
You were not hungry.

You visited 2 branches of the dungeon, and saw 8 of its levels.
You also visited: Sewer.

You collected 382 gold pieces.

Inventory:

Hand Weapons
 a - a +0 rapier (weapon)
 b - a +0 blowgun
 l - a +0 short sword of holy wrath
 o - a +2 dagger
 E - a +3 quarterstaff of chaos
 H - a +0 hunting sling
Missiles
 e - 15 poisoned needles
 f - a curare-tipped needle
 j - 226 stones (quivered)
 q - 53 sling bullets
Armour
 c - a +0 robe (worn)
 d - a +0 cloak (worn)
 r - a +0 large shield
 O - a +0 pair of gloves (worn)
 T - a +0 buckler
Jewellery
 w - an uncursed ring of flight
 F - an uncursed ring of positive energy
 M - a +5 ring of evasion (right hand)
 N - an uncursed ring of magical power {unknown}
 X - a cursed -4 ring of intelligence (left hand)
Wands
 J - a wand of acid (7/15)
 Q - a wand of disintegration (13/24)
 S - a wand of flame (35/48)
Scrolls
 h - 5 scrolls of enchant weapon {unknown}
 k - 5 scrolls of remove curse {unknown}
 n - 6 scrolls of identify {unknown}
 p - a scroll of noise {unknown}
 t - a scroll of enchant armour {unknown}
 u - 2 scrolls of amnesia {unknown}
 v - a scroll of recharging {unknown}
 x - 2 scrolls of fog {unknown}
 y - 4 scrolls of fear {unknown}
 z - a scroll of magic mapping {unknown}
 A - 5 scrolls of teleportation {unknown}
 K - 2 scrolls of blinking {unknown}
 Y - a scroll of brand weapon {unknown}
Potions
 m - 2 potions of heal wounds {unknown}
 s - 2 potions of berserk rage {unknown}
 B - 4 potions of curing {unknown}
 C - 3 potions of might {unknown}
 G - a potion of resistance {unknown}
 L - a potion of haste {unknown}
 P - 2 potions of degeneration {unknown}
 R - a potion of brilliance {unknown}
 U - a potion of flight {unknown}
 W - 2 potions of magic {unknown}
Comestibles
 g - 9 bread rations
 i - 4 royal jellies
 D - 3 fruits
 I - 5 meat rations
 V - a chunk of flesh


   Skills:
 + Level 3.7 Fighting
 + Level 4.8 Short Blades
 + Level 4.8 Throwing
 - Level 0.7 Dodging
 * Level 9.2 Stealth
 + Level 1.0 Invocations


You had 7 spell levels left.
You didn't know any spells.

Dungeon Overview and Level Annotations

Branches:
Dungeon (7/15)             Temple (1/1) D:7

Altars:
Ashenzari
Dithmenos
Elyvilon
Fedhas
Hepliaklqana
Kikubaaqudgha
Makhleb
Nemelex Xobeh
Okawaru
Qazlal
Ru
Trog
Uskayaw
Vehumet
Xom
Yredelemnul
Zin
The Shining One

Shops:
D:5 (


Innate Abilities, Weirdness & Mutations

You are resistant to torment.
Your stone body is resilient. (AC +5)
You are immune to poison.
You resist negative energy. (rN+)
You are resistant to electric shocks. (rElec)
You can survive without breathing.
You are immune to petrification.
You are immune to rotting.
Your life essence is reduced. (-10% HP)


Message History

The orc dies!
You see here a scroll labeled NUWESUKHLO.
h - 5 scrolls labeled NUWESUKHLO (gained 1)
The orc hits Chakide with a mace.
The orc warrior hits you with a dire flail.
Chakide hits the orc warrior.
The orc hits Chakide with a hand axe.
You barely miss the orc warrior.
The orc warrior is lightly wounded.
The orc warrior closely misses you.
Chakide hits the orc warrior but does no damage.
The orc hits Chakide with a hand axe.
You hit the orc warrior but do no damage.
The orc warrior is lightly wounded.
The orc warrior hits you with a dire flail!
Chakide hits the orc warrior.
The orc hits Chakide but does no damage. x2
You closely miss the orc warrior.
The orc warrior is lightly wounded.
The orc warrior hits you with a dire flail!!
You die...

######### #######
#ooRo@..###.....##
##.o####.##.......##
##..## #.#.........#
# #.o##
#...........#...
######## #..##
#.............#
.#.....####o.#
#.#..........##
........# #o)o#
###.........#...
........# ....#
##[............
........#.....+
##.............#


You could see the friendly Chakide the ancestor, an orc warrior and 3 orcs.

Vanquished Creatures
  A spriggan (D:7)
  A sky beast (D:6)
  An orc warrior (D:5)
  An ogre (D:4)
  A bullfrog (D:6)
  A scorpion (D:7)
  2 crimson imps (D:6)
  A bullfrog zombie (D:4)
  A centaur zombie (D:6)
  3 hounds
  2 bullfrog skeletons
  4 orc priests
  Crazy Yiuf (D:3)
  A jelly (D:6)
  2 orc wizards
  2 worker ants (D:4)
  A worker ant zombie (D:6)
  7 gnolls (D:3)
  10 adders
  2 river rats (Sewer)
  A shadow imp (D:6)
  An ooze (D:4)
  4 worms
  2 dart slugs (D:1)
  2 leopard geckos
  2 orcs
  4 ball pythons
  3 giant cockroaches
  8 goblins
  2 hobgoblins
  6 jackals
  3 kobolds
  8 bats
  7 frilled lizards
  2 goblin skeletons (D:6)
  A goblin zombie (D:6)
  A kobold skeleton (D:6)
  2 kobold zombies (D:6)
  An orc skeleton (D:6)
  12 rats
117 creatures vanquished.

Vanquished Creatures (collateral kills)
  An adder (D:7)
  An orc (D:7)
2 creatures vanquished.

Grand Total: 119 creatures vanquished

Notes
Turn   | Place    | Note
-------+----------+-------------------------------------------
     0 | D:1      | mopl the Gargoyle Assassin began the quest for the Orb.
     0 | D:1      | Reached XP level 1. HP: 12/12 MP: 1/1
    93 | D:1      | Reached skill level 2 in Throwing
   115 | D:1      | Reached skill level 2 in Short Blades
   115 | D:1      | Reached XP level 2. HP: 9/17 MP: 2/2
   685 | D:2      | Reached XP level 3. HP: 21/21 MP: 3/3
   941 | D:2      | Found a shimmering altar of Xom.
   945 | D:2      | Found a shimmering altar of Xom.
  1368 | D:3      | Reached skill level 5 in Stealth
  1487 | D:3      | Found a glowing drain.
  1503 | Sewer    | Entered a sewer
  1581 | Sewer    | Reached XP level 4. HP: 24/26 MP: 4/4
  1927 | D:3      | Reached XP level 5. HP: 30/30 MP: 5/5
  2196 | D:3      | Reached skill level 6 in Stealth
  2918 | D:3      | Reached skill level 3 in Throwing
  3230 | D:3      | Reached skill level 3 in Short Blades
  3442 | D:3      | Found a runed door.
  3447 | D:3      | Noticed Crazy Yiuf
  3458 | D:3      | Killed Crazy Yiuf
  3458 | D:3      | Reached XP level 6. HP: 35/35 MP: 6/6
  3874 | D:4      | Reached skill level 7 in Stealth
  4380 | D:5      | Entered Level 5 of the Dungeon
  4429 | D:5      | Found Pynytzaf's Weapon Boutique.
  4558 | D:5      | Reached XP level 7. HP: 40/40 MP: 7/7
  5128 | D:5      | Reached skill level 4 in Throwing
  5484 | D:5      | Reached skill level 4 in Short Blades
  5972 | D:5      | Reached skill level 8 in Stealth
  6170 | D:6      | Reached XP level 8. HP: 40/45 MP: 8/8
  6506 | D:6      | Found a glowing golden altar of the Shining One.
  6560 | D:6      | Reached skill level 3 in Fighting
  6777 | D:7      | Reached skill level 9 in Stealth
  6795 | D:7      | Found a staircase to the Ecumenical Temple.
  6814 | Temple   | Entered the Ecumenical Temple
  6851 | Temple   | Became a worshipper of Hepliaklqana the Forgotten
  6925 | D:7      | Noticed a spriggan baker
  6926 | D:7      | Killed a spriggan baker
  7040 | D:7      | Reached skill level 1 in Invocations
  7144 | D:7      | Mangled by an orc warrior

Skill      XL: |  1  2  3  4  5  6  7  8 |
---------------+-------------------------+-----
Throwing       | 2 3 4 |  4.8
Short Blades   | 2 3 4 |  4.8
Stealth        | 5 6 7 8 9 |  9.2
Fighting       | 3 |  3.7
Invocations    | 1 |  1.0
Dodging        | |  0.7

Action                   |  1- 3 |  4- 6 |  7- 9 || total
-------------------------+-------+-------+-------++-------
Melee: Dagger            |    40 |       |       ||    40
       Rapier            |    65 |   152 |   149 ||   366
 Fire: Blowgun           |       |    23 |     4 ||    27
Throw: Stone             |       |    18 |    13 ||    31
Evoke: Wand              |       |       |     1 ||     1
 Stab: Sleeping          |     9 |     8 |    13 ||    30
       Distracted        |     1 |       |     1 ||     2
  Eat: Chunk             |     2 |     9 |     9 ||    20
Armor: Robe              |    40 |    30 |    26 ||    96
Dodge: Dodged            |    48 |    76 |    94 ||   218
